 Dungeon Crawl Stone Soup version 0.29-a0-483-g69413ace17 (webtiles) character file.

Game seed: 10406844282218596621

4278 quinnr the Convoker (level 10, -7/50 HPs)
             Began as a Tengu Summoner on May 19, 2022.
             Was a Priest of Vehumet.
             Killed from afar by a steam dragon (14 damage)
             ... with a ball of steam
             ... on level 8 of the Dungeon on May 25, 2022.
             The game lasted 00:26:13 (12879 turns).

quinnr the Convoker (Tengu Summoner)               Turns: 12879, Time: 00:26:13

Health: -7/50      AC:  5    Str:  9    XL:     10   Next: 31%
Magic:  10/18      EV: 14    Int: 25    God:    Vehumet [***...]
Gold:   50         SH:  0    Dex: 14    Spells: 4/19 levels left

rFire   . . .      SeeInvis .   P - +4 dagger "Morg" {pain, Will+ Int+5}
rCold   + . .      Faith    .   (no shield)
rNeg    . . .      Spirit   .   a - +0 robe
rPois   .          Reflect  .   (helmet restricted)
rElec   .          Harm     .   v - +2 cloak
rCorr   .          Rampage  .   (no gloves)
Will    ++...                   (boots unavailable)
Stlth   ++........              (no amulet)
HPRegen 0.16/turn               n - ring of protection from cold
MPRegen 0.16/turn               j - ring of willpower

@: flying quickly and evasively, quick
A: beak, talons 3, nimble flight
a: Renounce Religion


You were on level 8 of the Dungeon.
You worshipped Vehumet.
Vehumet was most pleased with you.
You visited 2 branches of the dungeon, and saw 9 of its levels.
You also visited: Sewer.

You collected 738 gold pieces.
You spent 688 gold pieces at shops.

Inventory:

Hand Weapons
 L - the +5 mace "Fuoshruto" {distort, *Noise rN++}
   (You found it on level 6 of the Dungeon)

   It warps and distorts space around it, and may blink, banish, or inflict
   extra damage upon those it strikes.
   Unwielding it can cause banishment or high damage.
   rN:        It greatly protects you from negative energy.
   *Noise:    It may make noises in combat.
 P - the +4 dagger "Morg" (weapon) {pain, Will+ Int+5}
   (You found it on level 7 of the Dungeon)

   In the hands of one skilled in necromantic magic, it inflicts extra damage on
   living creatures.
   Int:       It affects your intelligence (+5).
   Will:      It increases your willpower.
Missiles
 d - 46 poisoned darts
 u - 2 throwing nets
 M - a curare-tipped dart
Armour
 a - a +0 robe (worn)
 v - a +2 cloak (worn)
 z - the +0 ring mail of Byzadym {rF+}
   (You found it on level 3 of the Dungeon)

   rF:        It protects you from fire.
Jewellery
 j - a ring of willpower (right hand)
 n - a ring of protection from cold (left hand)
 t - a ring of positive energy
 J - a +6 ring of strength
 O - an amulet of magic regeneration
Wands
 A - a wand of iceblast (5)
Scrolls
 c - a scroll of blinking
 e - 2 scrolls of amnesia
 f - a scroll of fear {unknown}
 m - a scroll of poison {unknown}
 o - 3 scrolls of teleportation {unknown}
 p - a scroll of fog {unknown}
 s - a scroll of acquirement {unknown}
 w - a scroll of summoning {unknown}
 x - 3 scrolls of vulnerability
 y - 2 scrolls of magic mapping {unknown}
 F - a scroll of noise {unknown}
 G - a scroll of brand weapon {unknown}
 I - a scroll of enchant weapon {unknown}
 N - a scroll of torment {unknown}
Potions
 b - 3 potions of magic
 g - 3 potions of ambrosia
 h - a potion of degeneration
 i - 5 potions of attraction
 l - 6 potions of flight {unknown}
 q - 3 potions of curing {unknown}
 r - 5 potions of haste {unknown}
 B - 2 potions of lignification {unknown}
 C - 3 potions of might {unknown}
 D - a potion of heal wounds {unknown}
 E - 3 potions of invisibility
 H - a potion of berserk rage
 K - 2 potions of cancellation


   Skills:
 - Level 2.1 Dodging
 - Level 2.0 Stealth
 - Level 5.0 Spellcasting
 + Level 16.4 Summonings
 - Level 3.0 Air Magic


You had 4 spell levels left.
You knew the following spells:

 Your Spells              Type           Power      Damage    Failure   Level
b - Call Imp              Summ           73%        N/A       0%          2
c - Call Canine Familiar  Summ           73%        N/A       1%          3
d - Summon Lightning Spi  Summ/Air       53%        N/A       1%          4
e - Poisonous Vapours     Pois/Air       26%        N/A       1%          2
f - Summon Ice Beast      Ice/Summ       47%        N/A       2%          4

Your spell library contained the following spells:

 Spells                   Type           Power      Damage    Failure   Level
 Summon Small Mammal      Summ           100%       N/A       0%          1
 Shock                    Conj/Air       52%        1d6       1%          1
 Summon Guardian Golem    Hex/Summ       47%        N/A       1%          3
 Ignite Poison            Fire/Tmut/Pois 6%         N/A       7%          3
 Swiftness                Air            21%        N/A       7%          3
 Airstrike                Air            10%        N/A       7%          4
 Apportation              Tloc           12%        N/A       9%          1
 Beastly Appendage        Tmut           12%        N/A       9%          1
 Necrotize                Necr           24%        1d5       9%          1
 Wereblood                Tmut           6%         N/A       12%         2
 Spider Form              Tmut/Pois      6%         N/A       24%         3
 Simulacrum               Ice/Necr       3%         N/A       100%        6
 Ozocubu's Refrigeration  Ice            3%         4d5       100%        7


Dungeon Overview and Level Annotations

Branches:
Dungeon (8/15)             Temple (1/1) D:4           Sewer (visited)
   Lair: D:8-11

Altars:
Ashenzari
Cheibriados
Dithmenos
Elyvilon
Fedhas
Gozag
Hepliaklqana
Makhleb
Okawaru
Qazlal
Ru
Sif Muna
Trog
Uskayaw
Vehumet
Wu Jian
Yredelemnul
Zin
The Shining One

Shops:
D:1 (   D:2 (   D:6 :   D:7 *


Innate Abilities, Weirdness & Mutations

You have a beak for a mouth.
You have claws for feet.
Your magical nature lets you fly swiftly and evasively.


Message History

The steam dragon barely misses you. The steam dragon breathes steam at you.
The ball of steam misses you.
You swap places.
Your ice beast is engulfed in a cloud of scalding steam.
Casting: Summon Ice Beast (dangerous; 2% risk of failure)
Confirm with . or Enter, or press ? or * to list all spells.
Aiming: Poisonous Vapours (safe; 1% risk of failure)
Press: ? - help, Dir - move target, f - steam dragon
Aim: a steam dragon (steam, heavily wounded, catching its breath) Poisonous vapours surround the steam dragon!
The steam dragon is poisoned.
Your ice beast is engulfed in a cloud of scalding steam.
Your ice beast closely misses the steam dragon.
The steam dragon bites your ice beast.
The steam dragon barely misses your ice beast.
Your ice beast completely misses the steam dragon.
The steam dragon breathes steam at you. The ball of steam hits your ice beast!
The ball of steam hits you!
Casting: Poisonous Vapours (safe; 1% risk of failure)
Confirm with . or Enter, or press ? or * to list all spells.
You can't see any susceptible monsters within range! (Use Z to cast anyway.) Unknown command.
Unknown command.
You are engulfed in a cloud of scalding steam.
You are engulfed in a cloud of scalding steam.
Casting: Poisonous Vapours (safe; 1% risk of failure)
Confirm with . or Enter, or press ? or * to list all spells.
The steam dragon looks more healthy.
Your warg barely misses the steam dragon.
Your ice beast hits the steam dragon but does no damage.
The steam dragon breathes steam at you. The ball of steam misses your warg.
The ball of steam hits you!
* * * LOW HITPOINT WARNING * * *
The steam dragon breathes steam at you. The ball of steam hits your warg!!
Your warg dies!
Your warg's corpse disappears in a puff of smoke!
The ball of steam hits you!
You die...

########
#.....<#
#####.######.##
#.....#..).....
#.#####D####.##
#.# #§# #.# #D#
#@# #§#
#§#####D#
#§##YD..#
#§##§####
#.##§# #.##§#
#.D§.# ####.#
###


There were no monsters in sight!

Vanquished Creatures
  An orc warrior (D:4)
  An ogre (D:4)
  A scorpion (D:7)
  A hound (D:3)
  An orc priest (D:6)
  An iguana (D:5)
  2 adders
  An ufetubus (D:4)
  3 orcs
  4 ball pythons
  2 endoplasms
  A giant cockroach (D:1)
  A goblin (D:4)
  2 hobgoblins (D:1)
  A quokka (D:4)
  A bat (D:3)
  3 frilled lizards (D:1)
  4 kobolds
31 creatures vanquished.

Vanquished Creatures (collateral kills)
  Grum (D:8)
  Menkaure (D:5)
  An orc warrior (D:6)
  3 sky beasts
  2 black bears
  An ice beast (D:5)
  3 ogres (D:5)
  2 wolves (D:8)
  A centaur (D:6)
  2 phantoms (D:5)
  9 kobold brigands (Sewer)
  A gnoll sergeant (D:5)
  2 necrophages
  4 scorpions
  10 wights
  5 hounds
  4 orc priests
  A jelly (D:5)
  A gnoll shaman (D:6)
  Crazy Yiuf (D:6)
  2 iguanas
  4 orc wizards
  12 gnolls (D:6)
  6 adders
  3 river rats (Sewer)
  A shadow imp (D:5)
  A white imp (D:6)
  7 worms
  2 dart slugs
  19 orcs
  10 ball pythons
  7 endoplasms
  3 giant cockroaches
  3 goblins
  6 hobgoblins
  10 kobolds
  2 quokkas
  5 bats
  3 frilled lizards
  5 rats
166 creatures vanquished.

Grand Total: 197 creatures vanquished

Notes
Turn   | Place    | Note
-------+----------+-------------------------------------------
     0 | D:1      | quinnr the Tengu Summoner began the quest for the Orb.
     0 | D:1      | Reached XP level 1. HP: 10/10 MP: 4/4
   114 | D:1      | Reached skill level 5 in Summonings
   260 | D:1      | Reached XP level 2. HP: 11/15 MP: 3/6
   263 | D:1      | Learned a level 2 spell: Call Imp
   605 | D:1      | Found Usel's Weapon Emporium.
   743 | D:1      | Reached XP level 3. HP: 15/19 MP: 1/7
   881 | D:1      | Found a faded altar of an unknown god.
  1113 | D:1      | Reached skill level 6 in Summonings
  1672 | D:2      | Learned a level 3 spell: Call Canine Familiar
  1979 | D:2      | Found a glowing golden altar of the Shining One.
  2437 | D:2      | Found Nounge Moir's Weapon Shoppe.
  2749 | D:3      | Reached XP level 4. HP: 24/24 MP: 5/8
  3051 | D:3      | Upgraded the game from 0.29-a0-451-gfbfa42419e to
                  | 0.29-a0-468-ge57f7f99b4
  3089 | D:3      | Upgraded the game from 0.29-a0-468-ge57f7f99b4 to
                  | 0.29-a0-483-g69413ace17
  3207 | D:3      | Reached skill level 7 in Summonings
  3640 | D:3      | Identified the +0 ring mail of Byzadym {rF+}
  3787 | D:3      | Gained mutation: Your magical nature lets you fly swiftly
                  | and evasively. [Tengu growth]
  3787 | D:3      | Reached XP level 5. HP: 28/28 MP: 6/9
  4271 | D:4      | Found a staircase to the Ecumenical Temple.
  4311 | Temple   | Entered the Ecumenical Temple
  4500 | Temple   | Became a worshipper of Vehumet
  4751 | D:4      | Noticed a sky beast
  4778 | D:4      | Killed a sky beast
  4779 | D:4      | Reached skill level 8 in Summonings
  4779 | D:4      | Reached XP level 6. HP: 26/32 MP: 1/10
  5306 | D:4      | Reached skill level 9 in Summonings
  5316 | D:4      | Noticed an orc warrior
  5349 | D:4      | Killed an orc warrior
  5584 | D:4      | Found a bloodstained altar of Trog.
  5684 | D:5      | Entered Level 5 of the Dungeon
  5845 | D:5      | Found a white marble altar of Elyvilon.
  5859 | D:5      | Reached skill level 10 in Summonings
  5859 | D:5      | Reached XP level 7. HP: 36/36 MP: 5/11
  5989 | D:5      | Noticed Menkaure
  5998 | D:5      | Killed Menkaure
  6377 | D:4      | Reached skill level 11 in Summonings
  6808 | D:5      | Reached XP level 8. HP: 41/41 MP: 4/12
  6817 | D:5      | Reached skill level 12 in Summonings
  6913 | D:5      | Reached * piety under Vehumet
  6913 | D:5      | Offered knowledge of Sandblast by Vehumet.
  7441 | D:4      | Reached skill level 13 in Summonings
  8073 | D:5      | Reached XP level 9. HP: 45/45 MP: 8/13
  8176 | D:6      | Found a glowing drain.
  8188 | D:6      | Reached skill level 14 in Summonings
  8195 | Sewer    | Entered a sewer
  9525 | D:6      | Reached ** piety under Vehumet
  9579 | D:6      | Learned a level 4 spell: Summon Lightning Spire
  9647 | D:6      | Offered knowledge of Shock by Vehumet.
  9648 | D:6      | Reached skill level 1 in Air Magic
 10179 | D:6      | HP: 3/44 [centaur/arrow (11)]
 10186 | D:6      | Reached skill level 5 in Spellcasting
 10186 | D:6      | Reached skill level 15 in Summonings
 10210 | D:6      | Offered knowledge of Poisonous Vapours by Vehumet.
 10223 | D:5      | Learned a level 2 spell: Poisonous Vapours
 10669 | D:6      | Found Hoelum's Book Shop.
 10805 | D:6      | Bought the Volume of the Glacier and Transformation for 672
                  | gold pieces
 10810 | D:6      | Learned a level 4 spell: Summon Ice Beast
 11022 | D:6      | Reached XP level 10. HP: 39/50 MP: 13/18
 11192 | D:6      | Found a runed translucent door.
 11193 | D:6      | Noticed Crazy Yiuf
 11362 | D:6      | Killed Crazy Yiuf
 11415 | D:6      | Identified the +5 mace "Fuoshruto" {distort, *Noise rN++}
 11525 | D:7      | Found the +4 dagger "Morg" {pain, Will+ Int+5}
 12405 | D:7      | Reached skill level 16 in Summonings
 12408 | D:7      | Reached *** piety under Vehumet
 12596 | D:7      | Found Xumip's CLEARANCE SALE!.
 12603 | D:7      | Bought a scroll of identify for 16 gold pieces
 12677 | D:7      | Found a snail-covered altar of Cheibriados.
 12847 | D:8      | Noticed Grum
 12854 | D:8      | Killed Grum
 12879 | D:8      | Killed from afar by a steam dragon

Illustrated notes

Levels and vault maps discovered:
D:1:      dpeg_arrival_solitude, layout_basic, serial_shops,
          nicolae_shop_bloodbath_and_beyond,
          dreamdust_ecumenical_altar_hidden_monk_grotto, minmay_tall_x
D:2:      layout_basic, basic_altar, serial_shops, shop,
          kennysheep_generic_room_16
D:3:      layout_loops_cross
D:4:      layout_loops_cross, marbit_many_paths,
          minmay_temple_entry_glassed_door
D:5:      minmay_polygon_palace, layout_gridville,
          mainiacjoe_overflow_boulevard, uniq_menkaure
D:6:      layout_loops_ring, serial_shops, shop, cheibrodos_sewer_entry_drain,
          uniq_crazy_yiuf_cottage
D:7:      layout_loops_cross, lemuel_tele_altar, kennysheep_cluttered_room,
          nicolae_shop_clearance
D:8:      layout_basic, minivault_19, nicolae_zen_rock_garden,
          chequers_serial_rivers_marsh, uniq_psyche, uniq_amaemon, uniq_grum
Temple:   regret_index_temple_sphere_string

Skill      XL: |  1  2  3  4  5  6  7  8  9 10 |
---------------+-------------------------------+-----
Summonings     | 5 6 7 8 10 11 13 15 16 | 16.4
Spellcasting   | 5 |  5.0
Air Magic      | 3 |  3.0
Dodging        | |  2.1
Stealth        | |  2.0

Action                   |  1- 3 |  4- 6 |  7- 9 | 10-12 || total
-------------------------+-------+-------+-------+-------++-------
Melee: Unarmed           |    51 |    53 |    32 |     3 ||   139
       Kick              |    12 |    14 |    16 |       ||    42
       Peck              |     8 |     9 |     4 |     2 ||    23
       Punch             |       |     1 |     1 |       ||     2
Throw: Dart              |       |       |       |     5 ||     5
 Cast: Summon Small Mamm |    59 |    64 |    14 |     3 ||   140
       Call Imp          |    20 |    11 |    46 |     1 ||    78
       Call Canine Famil |       |    14 |    63 |     7 ||    84
       Poisonous Vapours |       |       |     4 |    10 ||    14
       Summon Ice Beast  |       |       |     2 |     7 ||     9
       Summon Lightning  |       |       |     1 |     6 ||     7
Evoke: Wand              |       |     1 |     3 |       ||     4
  Use: Scroll            |       |       |       |     9 ||     9
 Stab: Distracted        |     1 |       |       |       ||     1
       Sleeping          |       |     2 |       |       ||     2
Armor: Robe              |    14 |    33 |    18 |    14 ||    79
Dodge: Dodged            |    64 |    55 |    62 |    16 ||   197

Table legend: (Time is in decaauts)
 A = Elapsed time spent in this place.
 B = Non-inter-level travel time spent in this place.
 C = Inter-level travel time spent in this place.
 D = Time resting spent in this place.
 E = Time spent auto-exploring this place.
 F = Levels seen in this place.
 G = Mean time per level.
                   A        B        C        D        E       F      G
               +--------+--------+--------+--------+--------+-----+--------+
         Total |  12491 |  12122 |    369 |    933 |   9016 |  10 | 1249.1 |
       Dungeon |  11037 |  10714 |    323 |    909 |   7985 |   8 | 1379.6 |
        Temple |    186 |    140 |     46 |      0 |    127 |   1 |  186.0 |
         Sewer |   1267 |   1267 |      0 |     24 |    903 |   1 | 1267.0 |
               +--------+--------+--------+--------+--------+-----+--------+

Top non-repeatable levels by time:
     D:5: 2043 daAuts
     D:6: 1981 daAuts
     D:4: 1954 daAuts
     D:1: 1574 daAuts
     D:3: 1350 daAuts
   Sewer: 1267 daAuts
     D:2: 1160 daAuts
     D:7: 901 daAuts
  Temple: 186 daAuts
     D:8: 72 daAuts
